BR
AMITY GARDENS WESTERNERS @ PUEBLO PRAIRIE DOGS
08/06/2027
 
TOP OF THE 1ST
Amity Gardens Westerners batting - Pitching for Pueblo Prairie Dogs : RHP Chris Martin
Pitching: RHP Chris Martin
Batting: RHB Steve Myers 0-0: Ball
1-0: SINGLE (Groundball, 4D)
Batting: RHB Don Martin 0-0: Ball
Steve Myers steals 2nd base
Pinch Runner at 2nd Josh Bergman: 1-0: Ball
2-0: Called Strike
Throwing error on steal attempt, E2
Josh Bergman scores
2-1: Fly out, F7 (Flyball, 7)
Batting: LHB Roy Woods 0-0: Called Strike
0-1: Ball
1-1: Ball
2-1: Ball
3-1: Base on Balls
Batting: LHB Jack Mitchell 0-0: Called Strike
0-1: Ball
1-1: Ball
2-1: Ball
3-1: Base on Balls
Roy Woods to second
Batting: RHB Alfonso Flores 0-0: Foul Ball, location: 2F
0-1: Ball
1-1: Ground out 4-3 (Groundball, 4S)
Roy Woods to third
Jack Mitchell to second
Batting: RHB Jorge García 0-0: Swinging Strike
0-1: Ball
1-1: Ball
2-1: Swinging Strike
2-2: Strikes out looking
Top of the 1st over - 1 run(s), 1 hit(s), 1 error(s), 2 left on base; Amity Gardens 1 - Pueblo 0
BOTTOM OF THE 1ST
Pueblo Prairie Dogs batting - Pitching for Amity Gardens Westerners : LHP Rodrigo Freitas
Pitching: LHP Rodrigo Freitas
Now in RF: Josh Bergman
Batting: RHB Manny Herrera 0-0: Called Strike
0-1: Ball
1-1: Foul Ball, location: 2F
1-2: Foul Ball, location: 2F
1-2: Strikes out swinging
Batting: RHB Kyle Mann 0-0: Swinging Strike
0-1: Ball
1-1: Ball
2-1: Called Strike
2-2: Ball
3-2: Base on Balls
Batting: RHB Juan Hernández 0-0: Called Strike
0-1: Ball
1-1: SINGLE (Groundball, 56D)
Kyle Mann to second
Batting: RHB Eric Barthorpe 0-0: Ball
1-0: Ball
2-0: Called Strike
2-1: Foul Ball, location: 2F
2-2: Ball
3-2: Foul Ball, location: 2F
3-2: Fly out, F9 (Flyball, 9)
Batting: LHB Alonso Carbajal 0-0: Ball
1-0: Called Strike
1-1: Called Strike
1-2: Ball
2-2: Foul Ball, location: 2F
2-2: Foul Ball, location: 2F
2-2: Ball
3-2: Fly out, F2 (Popup, 34S)
Bottom of the 1st over - 0 run(s), 1 hit(s), 0 error(s), 2 left on base; Amity Gardens 1 - Pueblo 0
TOP OF THE 2ND
Amity Gardens Westerners batting - Pitching for Pueblo Prairie Dogs : RHP Chris Martin
Batting: RHB Luis López 0-0: Called Strike
0-1: SINGLE (Groundball, 4MD)
Batting: RHB Maximino Abbado 0-0: Swinging Strike
0-1: Called Strike
0-2: Ball
1-2: Ball
2-2: Foul Ball, location: 2F
2-2: Ball
3-2: Strikes out looking
Luis López steals 2nd base
Batter strikes out.
Batting: RHB Tomás Rivera 0-0: Called Strike
0-1: Called Strike
Luis López is caught stealing 3rd base
0-2: Fly out, F9 (Flyball, 9)
Top of the 2nd over - 0 run(s), 1 hit(s), 0 error(s), 0 left on base; Amity Gardens 1 - Pueblo 0
BOTTOM OF THE 2ND
Pueblo Prairie Dogs batting - Pitching for Amity Gardens Westerners : LHP Rodrigo Freitas
Batting: LHB William Romero 0-0: Called Strike
0-1: Ground out U3 (Groundball, 3)
Batting: SHB Jorge Melgaza 0-0: Fly out, F8 (Flyball, 8RM)
Batting: LHB Javier Rodríguez 0-0: Called Strike
0-1: Ball
1-1: Ball
2-1: Ball
3-1: SINGLE (Groundball, 34D)
Batting: RHB Julião Edwards 0-0: Swinging Strike
0-1: Ball
1-1: Swinging Strike
1-2: Ball
2-2: Ball
3-2: Strikes out looking
Bottom of the 2nd over - 0 run(s), 1 hit(s), 0 error(s), 1 left on base; Amity Gardens 1 - Pueblo 0
TOP OF THE 3RD
Amity Gardens Westerners batting - Pitching for Pueblo Prairie Dogs : RHP Chris Martin
Batting: RHB Josh Bergman 0-0: Swinging Strike
0-1: Foul Ball, location: 2F
0-2: Ball
1-2: Strikes out looking
Batting: RHB Don Martin 0-0: Ball
1-0: Ball
2-0: SINGLE (Flyball, 9S)
Batting: LHB Roy Woods 0-0: Foul Ball, location: 2F
0-1: Foul Ball, location: 2F
0-2: Ball
1-2: Ground out 5-3 (Groundball, 56S)
Don Martin to second
Batting: LHB Jack Mitchell 0-0: Ball
Wild Pitch!
Don Martin to third
1-0: Ball
2-0: Called Strike
2-1: Ball
3-1: Called Strike
3-2: Ground out U3 (Groundball, 3L)
Top of the 3rd over - 0 run(s), 1 hit(s), 0 error(s), 1 left on base; Amity Gardens 1 - Pueblo 0
BOTTOM OF THE 3RD
Pueblo Prairie Dogs batting - Pitching for Amity Gardens Westerners : LHP Rodrigo Freitas
Batting: RHB Manny Herrera 0-0: Called Strike
0-1: Ball
1-1: Ground out 4-3 (Groundball, 4M)
Batting: RHB Kyle Mann 0-0: Ball
1-0: Fly out, F9 (Flyball, 9)
Batting: RHB Juan Hernández 0-0: Called Strike
0-1: Ball
1-1: Ball
2-1: Ball
3-1: Base on Balls
Batting: RHB Eric Barthorpe 0-0: Ball
1-0: Ball
2-0: Ball
3-0: Called Strike
3-1: Foul Ball, location: 2F
3-2: Base on Balls
Juan Hernández to second
Batting: LHB Alonso Carbajal 0-0: Ball
1-0: Called Strike
1-1: Foul Ball, location: 2F
1-2: Ball
2-2: Ball
3-2: Ground out U3 (Groundball, 3)
Bottom of the 3rd over - 0 run(s), 0 hit(s), 0 error(s), 2 left on base; Amity Gardens 1 - Pueblo 0
TOP OF THE 4TH
Amity Gardens Westerners batting - Pitching for Pueblo Prairie Dogs : RHP Chris Martin
Batting: RHB Alfonso Flores 0-0: Ball
1-0: Fly out, F7 (Flyball, 7)
Batting: RHB Jorge García 0-0: Called Strike
0-1: Ball
1-1: Swinging Strike
1-2: Strikes out swinging
Batting: RHB Luis López 0-0: SINGLE (Line Drive, 78S)
Batting: RHB Maximino Abbado 0-0: Called Strike
0-1: Swinging Strike
0-2: Strikes out swinging
Top of the 4th over - 0 run(s), 1 hit(s), 0 error(s), 1 left on base; Amity Gardens 1 - Pueblo 0
BOTTOM OF THE 4TH
Pueblo Prairie Dogs batting - Pitching for Amity Gardens Westerners : LHP Rodrigo Freitas
Batting: LHB William Romero 0-0: Ball
1-0: Ball
2-0: Called Strike
2-1: Fly out, F5 (Flyball, 5D)
Batting: SHB Jorge Melgaza 0-0: Ball
1-0: Called Strike
1-1: Fly out, F3 (Popup, 3S)
Batting: LHB Javier Rodríguez 0-0: Called Strike
0-1: Ball
1-1: Ball
2-1: Ground out 6-3 (Groundball, 6M)
Bottom of the 4th over - 0 run(s), 0 hit(s), 0 error(s), 0 left on base; Amity Gardens 1 - Pueblo 0
TOP OF THE 5TH
Amity Gardens Westerners batting - Pitching for Pueblo Prairie Dogs : RHP Chris Martin
Batting: RHB Tomás Rivera 0-0: Foul Ball, location: 2F
0-1: Ball
1-1: Ball
2-1: Foul Ball, location: 2F
2-2: Strikes out swinging
Batting: RHB Josh Bergman 0-0: Ball
1-0: Called Strike
1-1: Foul Ball, location: 2F
1-2: Strikes out looking
Batting: RHB Don Martin 0-0: Foul Ball, location: 2F
0-1: Ball
1-1: SINGLE (Groundball, 4D)
Batting: LHB Roy Woods 0-0: Foul Ball, location: 2F
0-1: Ball
1-1: Ball
2-1: Foul Ball, location: 2F
2-2: Strikes out swinging
Top of the 5th over - 0 run(s), 1 hit(s), 0 error(s), 1 left on base; Amity Gardens 1 - Pueblo 0
BOTTOM OF THE 5TH
Pueblo Prairie Dogs batting - Pitching for Amity Gardens Westerners : LHP Rodrigo Freitas
Batting: RHB Julião Edwards 0-0: Called Strike
0-1: Ball
1-1: SINGLE (Groundball, 6MD)
Batting: RHB Manny Herrera 0-0: Foul Ball, location: 2F
0-1: Foul Ball, location: 2F
0-2: Ground out 3-1 (Groundball, 34S)
Julião Edwards to second
Pitching: RHP Bill Weber
Batting: RHB Kyle Mann 0-0: Ball
1-0: Ball
2-0: Ball
3-0: Base on Balls
Batting: RHB Juan Hernández 0-0: Fly out, F9 (Flyball, 9LM)
Batting: RHB Eric Barthorpe 0-0: Foul Ball, location: 2F
0-1: Foul Ball, location: 2F
0-2: Ball
1-2: Ball
2-2: Strikes out swinging
Bottom of the 5th over - 0 run(s), 1 hit(s), 0 error(s), 2 left on base; Amity Gardens 1 - Pueblo 0
TOP OF THE 6TH
Amity Gardens Westerners batting - Pitching for Pueblo Prairie Dogs : RHP Chris Martin
Pitching: RHP Edgar Sandoval
Batting: LHB Jack Mitchell 0-0: Called Strike
0-1: Ball
1-1: Foul Ball, location: 2F
1-2: Strikes out swinging
Batting: RHB Alfonso Flores 0-0: Called Strike
0-1: Foul Ball, location: 2F
0-2: Ball
1-2: Strikes out looking
Batting: RHB Jorge García 0-0: Called Strike
0-1: Called Strike
0-2: Ball
1-2: Ball
2-2: Ball
3-2: Foul Ball, location: 2F
3-2: Foul Ball, location: 2F
3-2: Ground out 4-3 (Groundball, 4)
Top of the 6th over - 0 run(s), 0 hit(s), 0 error(s), 0 left on base; Amity Gardens 1 - Pueblo 0
BOTTOM OF THE 6TH
Pueblo Prairie Dogs batting - Pitching for Amity Gardens Westerners : RHP Bill Weber
Batting: LHB Alonso Carbajal 0-0: Foul Ball, location: 2F
0-1: Ball
1-1: Ground out 4-3 (Groundball, 4)
Batting: LHB William Romero 0-0: Ball
1-0: Ball
2-0: Swinging Strike
2-1: Ground out 3-1 (Groundball, 34D)
Batting: SHB Jorge Melgaza 0-0: Ball
1-0: Called Strike
1-1: SINGLE (Groundball, 23) (infield hit)
Batting: LHB Javier Rodríguez 0-0: Ball
1-0: DOUBLE (Flyball, 89M)
Jorge Melgaza to third
Batting: RHB Julião Edwards 0-0: Ball
1-0: Ball
2-0: SINGLE (Groundball, 6MD)
Jorge Melgaza scores
Javier Rodríguez to third
Runner from 3rd tries for Home, SAFE, throw made home
Pitching: LHP Dani Torres
Batting: RHB Manny Herrera 0-0: Called Strike
0-1: Ball
1-1: Ball
2-1: Foul Ball, location: 2F
2-2: Strikes out looking
Bottom of the 6th over - 2 run(s), 3 hit(s), 0 error(s), 1 left on base; Amity Gardens 1 - Pueblo 2
TOP OF THE 7TH
Amity Gardens Westerners batting - Pitching for Pueblo Prairie Dogs : RHP Edgar Sandoval
Batting: RHB Luis López 0-0: Called Strike
0-1: Swinging Strike
0-2: Strikes out looking
Batting: RHB Maximino Abbado 0-0: Ground out 6-3 (Groundball, 6)
Batting: RHB Tomás Rivera 0-0: Swinging Strike
0-1: Foul Ball, location: 2F
0-2: Ground out 1-3 (Groundball, 15S)
Top of the 7th over - 0 run(s), 0 hit(s), 0 error(s), 0 left on base; Amity Gardens 1 - Pueblo 2
BOTTOM OF THE 7TH
Pueblo Prairie Dogs batting - Pitching for Amity Gardens Westerners : LHP Dani Torres
Batting: RHB Kyle Mann 0-0: Foul Ball, location: 2F
0-1: Foul Ball, location: 2F
0-2: Ball
1-2: Ball
2-2: Fly out, F2 (Popup, 25)
Batting: RHB Juan Hernández 0-0: Called Strike
0-1: Swinging Strike
0-2: Strikes out swinging
Batting: RHB Eric Barthorpe 0-0: Called Strike
0-1: Ball
1-1: Ball
2-1: Swinging Strike
2-2: Ball
3-2: Foul Ball, location: 2F
3-2: SINGLE (Line Drive, 6MD)
Batting: LHB Alonso Carbajal 0-0: Called Strike
0-1: Ball
1-1: Ball
2-1: Foul Ball, location: 2F
2-2: Foul Ball, location: 2F
2-2: Strikes out swinging
Bottom of the 7th over - 0 run(s), 1 hit(s), 0 error(s), 1 left on base; Amity Gardens 1 - Pueblo 2
TOP OF THE 8TH
Amity Gardens Westerners batting - Pitching for Pueblo Prairie Dogs : RHP Edgar Sandoval
Batting: RHB Josh Bergman 0-0: Ball
1-0: Ground out 6-3 (Groundball, 56)
Batting: RHB Don Martin 0-0: Fly out, F7 (Line Drive, 78M)
Pitching: LHP Salvatorio Navegero
Batting: LHB Roy Woods 0-0: Ball
1-0: SINGLE (Groundball, 56D)
Batting: LHB Jack Mitchell 0-0: Ball
1-0: Ball
2-0: Swinging Strike
2-1: Ball
Wild Pitch!
Roy Woods to second
3-1: Called Strike
3-2: Fly out, F7 (Flyball, 7S)
Top of the 8th over - 0 run(s), 1 hit(s), 0 error(s), 1 left on base; Amity Gardens 1 - Pueblo 2
BOTTOM OF THE 8TH
Pueblo Prairie Dogs batting - Pitching for Amity Gardens Westerners : LHP Dani Torres
Batting: LHB William Romero 0-0: Ball
1-0: Called Strike
1-1: Ball
2-1: Ball
3-1: Foul Ball, location: 2F
3-2: Strikes out swinging
Batting: SHB Jorge Melgaza 0-0: Ball
1-0: Called Strike
1-1: Foul Ball, location: 2F
1-2: Ball
2-2: Ball
3-2: Strikes out swinging
Batting: LHB Javier Rodríguez 0-0: Ground out 4-3 (Groundball, 4)
Bottom of the 8th over - 0 run(s), 0 hit(s), 0 error(s), 0 left on base; Amity Gardens 1 - Pueblo 2
TOP OF THE 9TH
Amity Gardens Westerners batting - Pitching for Pueblo Prairie Dogs : LHP Salvatorio Navegero
Pitching: LHP Enrique Hernández
Pinch Hitting: RHB John Jones 0-0: Ball
1-0: Ball
2-0: Called Strike
2-1: Ball
3-1: Fly out, F8 (Flyball, 89M)
Pinch Hitting: RHB Bill Davis 0-0: Ground out 6-3 (Groundball, 6)
Pinch Hitting: SHB Ricky Edwards 0-0: Ball
1-0: Ball
2-0: Called Strike
2-1: Foul Ball, location: 2F
2-2: Strikes out looking
Top of the 9th over - 0 run(s), 0 hit(s), 0 error(s), 0 left on base; Amity Gardens 1 - Pueblo 2
Thursday, March 30th, 2017 - OOTP Baseball 17.12 Build 75